 Dungeon Crawl Stone Soup version 0.20-a0-910-gb611367 (webtiles) character file.

20069 amplicon the Grappler (level 12, 0/122 (123) HPs)
             Began as a Troll Monk on Mar 18, 2017.
             Was a High Priest of Dithmenos.
             Slain by Snorg (3 damage)
             ... on level 11 of the Dungeon on Mar 24, 2017.
             The game lasted 01:39:24 (12266 turns).

amplicon the Grappler (Troll Monk)                 Turns: 12266, Time: 01:39:24

HP:   0/122 (123)   AC:  8    Str: 22    XL:     12   Next: 42%
MP:   0/11          EV: 15    Int:  6    God:    Dithmenos [*****.]
Gold: 613           SH:  0    Dex: 16    Spells: 8/11 levels left

rFire    . . .     SeeInvis .     - Unarmed
rCold    . . .     Gourm    +   y - +1 troll leather armour
rNeg     . . .     Faith    .   (no shield)
rPois    +         Spirit   +   (helmet restricted)
rElec    .         Reflect  .   (no cloak)
rCorr    .         Harm     .   (gloves unavailable)
MR       +....                  (boots unavailable)
Stlth    ++........             l - amulet of guardian spirit
Regen    1.1/turn               t - ring of poison resistance
MPRegen  0.2/turn               x - ring of protection from magic

@: very slightly contaminated, wreathed by umbra
A: unfitting armour, claws 3, fast metabolism 3, gourmand, regeneration 1,
shaggy fur 1, tough skin 2
a: Shadow Step, Shadow Form, Renounce Religion


You were on level 11 of the Dungeon.
You worshipped Dithmenos.
Dithmenos was extremely pleased with you.
You were very full.

You visited 3 branches of the dungeon, and saw 13 of its levels.
You also visited: Ossuary.

You collected 641 gold pieces.
You spent 28 gold pieces at shops.

Inventory:

Hand Weapons
 E - a +1 giant spiked club
 L - a +0 hunting sling
 M - a +0 flail of holy wrath
Missiles
 n - 216 arrows
 K - a large rock (quivered)
Armour
 a - a +1 robe
 y - a +1 troll leather armour (worn)
 G - a +1 robe of cold resistance
Jewellery
 e - an uncursed amulet of regeneration
 j - an uncursed ring of positive energy {unknown}
 l - an amulet of guardian spirit (around neck)
 r - an uncursed ring of protection from cold
 t - a ring of poison resistance (right claw)
 v - a +5 ring of intelligence
 w - an uncursed ring of resist corrosion
 x - a ring of protection from magic (left claw)
 A - an uncursed amulet of rage {unknown}
 B - a +4 ring of strength
 F - an uncursed ring of see invisible
Wands
 d - a wand of paralysis (12/24)
 s - a wand of confusion (21/48)
 D - a wand of acid (2/15)
Scrolls
 c - 8 scrolls of recharging
 f - 4 scrolls of teleportation
 g - 4 scrolls of remove curse
 k - 2 scrolls of magic mapping
 I - a scroll of amnesia
 N - a scroll of identify
Potions
 m - a potion of brilliance
 o - 2 potions of flight
 p - 5 potions of curing
 u - a potion of magic
 z - 2 potions of might
 C - 4 potions of lignification
 H - a potion of agility
Books
 J - a book of Changes

   Spells                             Type                      Level
   a - Beastly Appendage              Transmutation                1
   b - Sticks to Snakes               Transmutation                2
   c - Spider Form                    Transmutation/Poison         3
   d - Ice Form                       Ice/Transmutation            4
   e - Blade Hands                    Transmutation                5
Miscellaneous
 i - a fan of gales
Comestibles
 b - 7 bread rations
 h - 39 fruits


   Skills:
 + Level 9.2 Fighting
 - Level 2.7 Maces & Flails
 - Level 6.0 Throwing
 + Level 8.5 Dodging
 - Level 1.0 Stealth
 - Level 11.1 Unarmed Combat
 - Level 6.0 Transmutations
 - Level 1.1 Invocations


You had 8 spell levels left.
You knew the following spells:

 Your Spells              Type           Power        Failure   Level  Hunger
a - Sticks to Snakes      Tmut           #.......     10%         2    ###....
b - Beastly Appendage     Tmut           #.....       6%          1    ##.....


Dungeon Overview and Level Annotations

Branches:
Dungeon (11/15)            Temple (1/1) D:5            Lair (1/6) D:8
    Orc (0/2) D:9

Altars:
Ashenzari
Cheibriados
Dithmenos
Elyvilon
Fedhas
Gozag
Hepliaklqana
Kikubaaqudgha
Makhleb
Nemelex Xobeh
Okawaru
Qazlal
Ru
Sif Muna
Trog
Uskayaw
Vehumet
Wu Jian
Xom
Yredelemnul
Zin
The Shining One

Shops:
D:5 *   D:9 %   D:10 :

Annotations:
D:11 Snorg


Innate Abilities, Weirdness & Mutations

You are too large for most types of armour.
You have claws for hands.
Your metabolism is lightning-fast.
You like to eat raw meat.
Your natural rate of healing is unusually fast.
You are covered in fur. (AC +1)
You have very tough skin. (AC +2)


Message History

Snorg bites you! Snorg completely misses you. Snorg barely misses you.
You mangle Snorg!!
Snorg is moderately wounded.
Your ball python bites Snorg. x2; Snorg bites you!
Snorg claws you! Snorg barely misses you.
Things that are here:
a plate armour; a trident Snorg bites you.
Snorg claws you.
* * * LOW HITPOINT WARNING * * *
Snorg completely misses you. Snorg bites you!
* * * LOW HITPOINT WARNING * * *
Snorg claws you.
* * * LOW HITPOINT WARNING * * *
Snorg claws you!
* * * LOW HITPOINT WARNING * * *
As you read the scroll of fog, it crumbles to dust.
The scroll dissolves into smoke.
Your ball python closely misses Snorg.
Snorg bites you.
You die...

##.........##
#.............
...........#
##.............
.>)#########
###....#####...##
..## ##....### ####
..## #....## ...###
#...## .....####
#§§## ........##
#§§§######
...###...##
#§§@§§...# .###
###..# ##§§T####..
## #..# ####S#.# #
#..# #S)## ## # #..#
##.## #... # #..#
##S##..... ### #..#
#####.)....# ..##
##.## ##......(...#
...##
#..####......##....#


You could see Snorg (berserk) and a friendly ball python.

Vanquished Creatures
  Harold (D:10)
  4 two-headed ogres
  Erica (D:11)
  The ghost of 4thArraOfDagon the Spear-Bearer, a novice FoHu of Gozag (D:9)
  Urug (D:11)
  2 ugly things
  A deep elf mage (D:11)
  A cyclops (D:8)
  A black mamba (Lair:1)
  2 centaur zombies
  5 centaur skeletons
  3 spiny frogs (Lair:1)
  A komodo dragon (D:10)
  A yaktaur (D:11)
  2 hellwings (D:9)
  A troll (D:9)
  4 blink frogs (Lair:1)
  Prince Ribbit (D:7)
  2 hippogriffs
  A shadow (D:11)
  A wyvern (D:9)
  Eustachio (D:6)
  3 wraiths
  A basilisk (D:11)
  5 yaks (D:11)
  Menkaure (D:7)
  A water moccasin (Lair:1)
  3 porcupines
  Duvessa (D:7)
  5 orc warriors
  3 ice beasts
  3 sky beasts
  3 black bears
  7 ogres
  2 phantoms
  A necrophage (D:5)
  4 centaurs
  3 crocodiles
  A big kobold (D:8)
  10 bullfrogs
  2 wyvern zombies (D:9)
  Dowan (D:7)
  A wyvern skeleton (D:10)
  3 scorpions
  An electric eel (D:6)
  7 wights
  7 howler monkeys
  3 crimson imps
  2 bullfrog zombies
  A quasit (D:10)
  7 hounds
  4 jellies
  4 orc priests
  3 iguanas
  10 orc wizards
  10 worker ants
  2 hound skeletons
  2 worker ant zombies
  8 gnolls
  15 adders
  8 shadow imps
  2 oozes
  2 adder skeletons
  An adder zombie (Ossuary)
  3 worms (D:2)
  A dart slug (D:1)
  9 leopard geckos
  32 orcs
  6 giant cockroaches
  5 goblins
  9 hobgoblins
  5 jackals (D:1)
  3 quokkas
  2 ball python skeletons (Ossuary)
  15 bats
  3 frilled lizards
  A hobgoblin zombie (Ossuary)
  A jackal skeleton (D:7)
  8 kobolds
  A kobold zombie (Ossuary)
  An orc skeleton (Ossuary)
  A quokka zombie (D:5)
  10 rats
317 creatures vanquished.

Vanquished Creatures (collateral kills)
  A necrophage (D:11)
  4 orcs (D:11)
5 creatures vanquished.

Vanquished Creatures (others)
  23 fungi
  2 plants (D:8)
  5 toadstools (D:1)
  A withered plant (D:9)
31 creatures vanquished.

Grand Total: 353 creatures vanquished

Notes
Turn   | Place    | Note
-------+----------+-------------------------------------------
     0 | D:1      | amplicon the Troll Monk began the quest for the Orb.
     0 | D:1      | Reached XP level 1. HP: 22/22 MP: 0/0
   217 | D:1      | Reached XP level 2. HP: 29/29 MP: 1/1
   716 | D:1      | Reached XP level 3. HP: 36/36 MP: 2/2
  1126 | D:2      | Found a shadowy altar of Dithmenos.
  1143 | D:2      | Reached skill level 4 in Unarmed Combat
  1165 | D:2      | Became a worshipper of Dithmenos the Shadowed
  1165 | D:2      | Reached * piety under Dithmenos
  1165 | D:2      | Reached ** piety under Dithmenos
  1221 | D:2      | Reached XP level 4. HP: 42/45 MP: 3/3
  1235 | D:2      | Found a white marble altar of Elyvilon.
  1239 | D:2      | Found a stormy altar of Qazlal.
  1339 | D:2      | Found a glowing golden altar of the Shining One.
  1449 | D:2      | Found a sparkling altar of Nemelex Xobeh.
  1458 | D:2      | Found an iron altar of Okawaru.
  1609 | D:2      | Found a faded altar of an unknown god.
  1818 | D:3      | Reached skill level 5 in Unarmed Combat
  1907 | D:3      | Reached XP level 5. HP: 35/53 MP: 2/4
  2510 | D:3      | Reached *** piety under Dithmenos
  2549 | D:3      | You fall through a shaft for 2 floors!
  2549 | D:5      | Entered Level 5 of the Dungeon
  2570 | D:5      | Reached skill level 6 in Unarmed Combat
  2634 | D:4      | Noticed a phantom
  2678 | D:4      | Killed a phantom
  2678 | D:4      | Reached XP level 6. HP: 36/61 MP: 5/5
  2830 | D:4      | Upgraded the game from 0.20-a0-899-g09a9bfb to 0.20-a0-901-g27f6fa8
  3149 | D:4      | Reached XP level 7. HP: 38/67 MP: 1/6
  3444 | D:5      | Found a staircase to the Ecumenical Temple.
  3617 | Temple   | Entered the Ecumenical Temple
  3951 | D:5      | Reached skill level 5 in Dodging
  4013 | D:5      | Found Fyirchino's General Store.
  4018 | D:5      | Bought a potion of degeneration for 14 gold pieces
  4018 | D:5      | Bought a scroll of random uselessness for 14 gold pieces
  4063 | D:5      | Reached XP level 8. HP: 74/79 MP: 7/7
  4329 | D:6      | Found a sand-covered staircase.
  4334 | Ossuary  | Entered an ossuary
  4517 | Ossuary  | Reached **** piety under Dithmenos
  4546 | Ossuary  | Noticed a flying skull
  4567 | Ossuary  | Reached skill level 5 in Fighting
  4606 | Ossuary  | Noticed a flying skull
  4623 | Ossuary  | Noticed a flying skull
  4639 | Ossuary  | Noticed a flying skull
  4662 | Ossuary  | Noticed a flying skull
  4941 | D:6      | Noticed Eustachio
  4959 | D:6      | Killed Eustachio
  4982 | D:6      | Found a hazy altar of Hepliaklqana.
  4987 | D:6      | Reached XP level 9. HP: 82/89 MP: 6/8
  5328 | D:7      | Noticed Menkaure
  5460 | D:7      | Noticed Prince Ribbit
  5487 | D:7      | Killed Prince Ribbit
  5487 | D:7      | Reached skill level 7 in Unarmed Combat
  5526 | D:7      | Reached skill level 1 in Maces & Flails
  5719 | D:7      | Noticed Duvessa
  5746 | D:7      | Killed Duvessa
  5747 | D:7      | Noticed Dowan
  5752 | D:7      | Killed Dowan
  5752 | D:7      | Reached skill level 8 in Unarmed Combat
  6135 | D:7      | Killed Menkaure
  6260 | D:7      | Learned a level 2 spell: Sticks to Snakes
  6262 | D:7      | Learned a level 1 spell: Beastly Appendage
  6752 | D:8      | Reached skill level 9 in Unarmed Combat
  6786 | D:8      | Noticed a two-headed ogre
  6799 | D:8      | Killed a two-headed ogre
  6799 | D:8      | Reached skill level 1 in Transmutations
  6799 | D:8      | Reached XP level 10. HP: 48/100 MP: 3/9
  6930 | D:8      | Found a staircase to the Lair.
  6960 | D:8      | Reached skill level 10 in Unarmed Combat
  7006 | D:8      | Reached ***** piety under Dithmenos
  7077 | D:8      | Noticed a brown ugly thing
  7087 | D:8      | Noticed a cyclops
  7090 | D:8      | Killed a brown ugly thing
  7123 | D:8      | Killed a cyclops
  7123 | D:8      | Reached skill level 11 in Unarmed Combat
  7394 | D:8      | Found a shattered altar of Ashenzari.
  7407 | D:8      | Found a shimmering altar of Xom.
  7917 | D:9      | Noticed a two-headed ogre
  7928 | D:9      | Killed a two-headed ogre
  7955 | D:9      | Noticed 4thArraOfDagon's ghost (novice FoHu)
  8038 | D:9      | Found Ajysues's Food Boutique.
  8254 | D:9      | Reached skill level 1 in Invocations
  8464 | Lair:1   | Entered Level 1 of the Lair of Beasts
  8487 | Lair:1   | Reached XP level 11. HP: 81/109 MP: 6/10
  8631 | Lair:1   | Reached skill level 1 in Throwing
  9459 | D:9      | Reached skill level 5 in Transmutations
  9587 | D:9      | Killed 4thArraOfDagon's ghost
  9960 | D:9      | Found a staircase to the Orcish Mines.
 10325 | D:9      | Found an ancient bone altar of Kikubaaqudgha.
 10364 | D:9      | Upgraded the game from 0.20-a0-901-g27f6fa8 to 0.20-a0-910-gb611367
 10377 | D:10     | Entered Level 10 of the Dungeon
 10429 | D:10     | Noticed Urug
 10479 | D:10     | Noticed a two-headed ogre
 10494 | D:10     | Noticed Harold
 10502 | D:10     | Killed Harold
 10959 | D:10     | Killed a two-headed ogre
 10959 | D:10     | Reached skill level 5 in Throwing
 11177 | D:10     | Found Haroll's Book Shoppe.
 11179 | D:10     | Noticed a two-headed ogre
 11184 | D:10     | Killed a two-headed ogre
 11316 | D:11     | Reached XP level 12. HP: 119/119 MP: 11/11
 11470 | D:11     | Noticed Erica
 11499 | D:11     | Killed Erica
 11633 | D:11     | Noticed Snorg
 12253 | D:11     | Killed Urug
 12265 | D:11     | HP: 2/122 [Snorg (15)]
 12266 | D:11     | Slain by Snorg

Vault maps used:
D:1:      ldierk_walled_garden
D:2:      grunt_temple_overflow_cloverleaf, tso_metal_star,
          chequers_ecumenical_altar_twisty, grunt_dithmenos_smoke_and_mirrors
D:4:      st_stairs_3
D:5:      minmay_temple_entry_glass, serial_shops, kennysheep_little_box,
          first_bread
D:6:      cheibrodos_helix_gallery, nicolae_ossuary_entry_ruins,
          minmay_ruined_shrine, uniq_eustachio
D:7:      uniq_prince_ribbit1, uniq_duvessa, uniq_menkaure
D:8:      amethyst_overflow_temple_binary, due_lair_maze_entry_diamond,
          serial_bayou_pond_d, blue_anna_alchemist, minivault_14
D:9:      cheibrodos_grave_circle, basic_altar, serial_shops, shop
D:10:     serial_shops, shop, uniq_harold, uniq_urug
D:11:     uniq_snorg, uniq_erica
Temple:   eino_temple_water
Lair:1:   uniq_fannar
Ossuary:  ossuary_due_cavern

Skill      XL: |  1  2  3  4  5  6  7  8  9 10 11 12 |
---------------+-------------------------------------+-----
Fighting       | 3 4 5 6 7 9 |  9.2
Unarmed Combat | 4 5 6 9 11 | 11.1
Dodging        | 3 5 7 8 |  8.5
Maces & Flails | 2 |  2.7
Transmutations | 1 4 6 |  6.0
Invocations    | 1 |  1.1
Throwing       | 5 6 |  6.0
Stealth        | |  1.0

Action                   |  1- 3 |  4- 6 |  7- 9 | 10-12 || total
-------------------------+-------+-------+-------+-------++-------
Melee: Unarmed           |   106 |   142 |   303 |   557 ||  1108
       Punch             |     2 |     3 |    10 |    29 ||    44
       Headbutt          |       |       |       |     2 ||     2
Throw: Large rock        |       |       |       |    10 ||    10
 Cast: Beastly Appendage |       |       |       |     1 ||     1
       Sticks to Snakes  |       |       |       |    17 ||    17
Invok: Shadow Step       |       |       |     1 |     3 ||     4
Evoke: Wand              |       |       |     2 |       ||     2
  Use: Scroll            |       |     9 |    11 |    17 ||    37
       Potion            |       |       |     2 |     6 ||     8
 Stab: Sleeping          |     2 |     3 |     6 |     3 ||    14
       Distracted        |       |       |     2 |     2 ||     4
       Invisible         |       |       |       |     1 ||     1
  Eat: Chunk             |    17 |    17 |    33 |    41 ||   108
       Fruit             |       |       |       |     2 ||     2
       Bread ration      |       |       |       |     1 ||     1
       Royal jelly       |       |       |       |     2 ||     2
Armor: Robe              |    41 |    33 |    44 |    38 ||   156
       Troll leather arm |       |       |       |    50 ||    50
Dodge: Dodged            |    50 |    77 |   145 |   421 ||   693
